Map: King's Cove LE

Players

HeroMarine - Winner!

  • Race: Terran Terran
  • Spawn Location: 5:00

DIMAGA

  • Race: Zerg Zerg
  • Spawn Location: 11:00

Event: 2019 WCS Spring

VOD

Have the link to the VOD?

Description

Time

  • Played on: May 17, 2019, 9:29 a.m.
  • Length: 10:07

All games in this series

Show
View Real Time Build Order
Export as new Build Order

HeroMarine Terran - Winner!

Build Orders: Gas First Reaper Expand, Liberator Opening, Mech 

Get SALT Encoding   

  12  0:00  SCV  
  13  0:12  SCV  
  14  0:18  Supply Depot  
  14  0:25  SCV  
  15  0:34  Refinery  
  15  0:39  SCV  
  16  0:45  Barracks  
  16  0:51  SCV  
  17  1:04  SCV  
  18  1:16  SCV  
  19  1:32  Reaper, Orbital Command  
  20  1:45  Command Center  
  20  1:56  Factory  
  20  2:00  SCV  
  21  2:11  Barracks Reactor  
  21  2:12  SCV  
  22  2:16  Supply Depot  
  22  2:20  Refinery  
  22  2:24  SCV  
  23  2:38  SCV  
  24  2:48  Starport  
  24  2:50  SCV  
  25  2:54  Hellion x2  
  25  2:58  Orbital Command  
  29  3:02  SCV  
  30  3:07  Liberator  
  30  3:15  SCV  
  30  3:16  Hellion x2  
  35  3:26  SCV  
  39  3:28  SCV  
  40  3:36  Supply Depot  
  40  3:38  SCV  
  40  3:40  SCV  
  42  3:43  Hellion  
  42  3:44  Hellion  
  46  3:52  Liberator  
  46  3:56  Supply Depot  
  46  3:58  SCV x2  
  49  4:03  Supply Depot  
  52  4:10  SCV x2  
  53  4:18  Hellion x2  
  53  4:22  SCV x2  
  59  4:32  Command Center  
  59  4:35  SCV x2  
  61  4:41  Hellion x2  
  61  4:44  Supply Depot  
  65  4:50  SCV x2  
  67  4:59  Starport Tech Lab  
  67  5:02  SCV x2  
  67  5:05  Refinery  
  67  5:06  Refinery  
  67  5:14  SCV  
  67  5:15  SCV  
  67  5:16  Factory  
  67  5:17  Factory  
  67  5:21  Armory  
  65  5:25  Hellion x2  
  65  5:26  SCV  
  65  5:27  SCV  
  69  5:32  Supply Depot  
  69  5:39  SCV x2  
  69  5:41  Barracks Reactor  
  69  5:42  Barracks Tech Lab  
  71  5:44  Factory  
  71  5:45  Factory  
  69  5:51  SCV  
  69  5:52  Hellion  
  69  5:53  Orbital Command  
  71  5:57  SCV  
  71  6:03  SCV  
  73  6:09  Terran Vehicle And Ship Armor Level 1  
  73  6:12  SCV  
  73  6:15  SCV  
  73  6:16  Cyclone x2  
  81  6:22  Hellion x2  
  81  6:24  SCV  
  86  6:26  Orbital Command  
  86  6:27  SCV  
  86  6:28  Factory Reactor, Factory Tech Lab  
  85  6:36  SCV  
  85  6:39  SCV  
  77  6:43  Hellion  
  77  6:46  Refinery  
  78  6:47  Refinery  
  78  6:48  Cyclone x3, SCV, Mag-Field Accelerator  
  78  6:51  SCV  
  78  6:54  SCV  
  90  6:55  Supply Depot  
  90  7:00  SCV  
  90  7:01  Infernal Pre-Igniter  
  88  7:03  SCV  
  88  7:06  SCV  
  88  7:08  Hellion x3  
  96  7:10  Hellion  
  96  7:13  SCV, Hellion x5  
  96  7:14  Hellion  
  96  7:15  Supply Depot, SCV  
  99  7:18  Supply Depot, SCV  
  101  7:24  Cyclone x2  
  101  7:25  SCV  
  101  7:27  SCV  
  109  7:34  Supply Depot  
  109  7:36  SCV  
  113  7:38  SCV  
  113  7:39  Supply Depot  
  113  7:40  SCV  
  113  7:41  Supply Depot  
  115  7:48  SCV  
  115  7:49  Armory, Command Center  
  116  7:57  Siege Tank x3  
  122  8:01  Hellion  
  122  8:02  Hellion x3  
  130  8:17  Starport Reactor  
  130  8:18  Factory  
  130  8:19  Factory  
  130  8:21  Factory  
  130  8:31  Siege Tank x2  
  130  8:33  Hellion x4  
  144  8:37  Supply Depot  
  144  8:38  Supply Depot  
  144  8:42  Engineering Bay  
  144  8:49  Siege Tank  
  144  8:55  SCV x2  
  149  8:59  SCV  
  150  9:02  Factory Tech Lab  
  150  9:03  Factory Tech Lab  
  150  9:07  SCV x2  
  150  9:09  Cyclone  
  158  9:10  Cyclone  
  158  9:11  SCV  
  157  9:17  Refinery  
  157  9:19  Refinery  
  157  9:21  Cyclone, Hellion x4  
  157  9:22  Hellion, Planetary Fortress  
  172  9:24  Hellion  
  172  9:26  Cyclone  
  172  9:27  Cyclone  
  178  9:35  Supply Depot  
  178  9:36  Supply Depot  
  178  9:37  Supply Depot  
  165  9:46  Hellion x2  
Show
View Real Time Build Order
Export as new Build Order

DIMAGA Zerg 

Build Orders: Hatch First 

Get SALT Encoding   

  12  0:00  Drone  
  13  0:12  Overlord  
  13  0:18  Drone  
  14  0:30  Drone x2  
  16  0:49  Hatchery  
  15  0:51  Drone  
  15  0:55  Drone  
  17  0:59  Drone  
  18  1:11  Extractor  
  17  1:15  Spawning Pool  
  17  1:18  Drone  
  17  1:21  Drone  
  18  1:28  Drone  
  19  1:39  Drone  
  20  1:49  Overlord  
  20  2:01  Queen  
  20  2:02  Zergling x4, Queen  
  26  2:11  Drone  
  26  2:12  Metabolic Boost  
  27  2:18  Drone  
  28  2:37  Hatchery  
  28  2:41  Queen  
  29  2:46  Drone x2  
  29  2:51  Overlord  
  31  2:56  Drone x2  
  33  3:00  Drone  
  33  3:01  Drone  
  35  3:08  Drone  
  35  3:12  Drone x2  
  38  3:18  Queen  
  40  3:22  Overlord  
  40  3:24  Drone  
  40  3:25  Drone  
  42  3:29  Drone x2  
  44  3:41  Overlord  
  44  3:44  Zergling x4  
  44  3:45  Zergling x4  
  44  3:46  Queen  
  50  3:53  Drone x4  
  54  3:57  Drone  
  54  4:04  Queen  
  54  4:06  Queen  
  58  4:14  Drone x5  
  63  4:26  Overlord  
  63  4:28  Drone x2  
  63  4:30  Overlord x3  
  65  4:36  Spore Crawler  
  65  4:37  Spore Crawler  
  63  4:38  Spore Crawler  
  62  4:47  Zergling x2  
  62  4:48  Zergling x8  
  67  4:54  Drone x2  
  60  5:07  Queen  
  60  5:08  Lair  
  60  5:12  Baneling Nest  
  58  5:18  Drone x10  
  62  5:26  Zergling x10  
  62  5:27  Zergling x2  
  64  5:41  Extractor x2  
  62  5:44  Queen  
  62  5:45  Queen  
  62  5:47  Zergling x10  
  65  6:07  Centrifical Hooks  
  65  6:10  Drone x3  
  68  6:13  Drone x5  
  68  6:14  Drone  
  72  6:19  Drone x3  
  71  6:36  Drone x5  
  71  6:39  Drone  
  67  6:55  Drone x7  
  70  7:04  Drone x3  
  72  7:20  Roach Warren  
  72  7:21  Extractor  
  72  7:22  Drone  
  71  7:23  Drone x4  
  71  7:24  Infestation Pit  
  71  7:26  Extractor x2  
  71  7:27  Drone x3  
  75  7:33  Hatchery, Baneling  
  75  7:34  Baneling x2  
  74  7:39  Drone x5  
  74  7:43  Evolution Chamber  
  78  7:45  Drone x4  
  78  7:50  Baneling x4  
  82  7:52  Overlord x2  
  82  7:53  Overlord  
  81  8:01  Glial Reconstitution  
  81  8:02  Pathogen Glands  
  81  8:04  Roach x4  
  81  8:05  Overlord  
  89  8:14  Roach  
  89  8:15  Roach x6  
  89  8:19  Overlord x2  
  103  8:30  Roach  
  103  8:31  Roach x4  
  113  8:40  Infestor x3  
  119  8:45  Overlord  
  119  8:46  Infestor  
  121  8:50  Roach x4  
  121  8:52  Drone x2  
  121  8:54  Drone  
  132  9:01  Overlord  
  132  9:02  Overlord x3  
  132  9:12  Drone x4  
  136  9:19  Overlord  
  136  9:20  Overlord  
  135  9:27  Drone x9  
  144  9:33  Roach x3  
Tags
 
Add a new tag
Caveats
  • Supply blocks, unpowered buildings, or Contaminate may cause inaccurate times.
  • Supply counts are checked every 10 seconds.